 Dungeon Crawl Stone Soup version 0.18-a0-1788-g92de1ac (webtiles) character file.

133 Proton the Shield-Bearer (level 5, -11/33 HPs)
             Began as a Gargoyle Fighter on Apr 21, 2016.
             Killed from afar by an orc wizard (13 damage)
             ... with a puff of frost
             ... on level 5 of the Dungeon.
             The game lasted 00:02:45 (1704 turns).

Proton the Shield-Bearer (Gargoyle Fighter)         Turns: 1704, Time: 00:02:46

Health: -11/33     AC: 11    Str: 20    XL:     5   Next: 16%
Magic:  5/5        EV:  8    Int:  9    God:
Gold:   148        SH:  9    Dex:  9    Spells: 0 memorised, 4 levels left

rFire  . . .     SeeInvis .     a - +0 flail
rCold  . . .     Gourm    .     b - +0 scale mail
rNeg   + . .     Faith    .     c - +0 shield
rPois  ∞         Spirit   .     (no helmet)
rElec  +         Dismiss  .     (no cloak)
rCorr  .         Reflect  .     (no gloves)
SustAt .         Harm     .     (no boots)
MR     .....     Rnd*Tele +     (no amulet)
Stlth  ..........               (no ring)
                                r - ring of teleportation (curse)

@: starving, not resistant to hostile enchantments, extremely unstealthy
A: negative energy resistance 1, electricity resistance, unbreathing,
petrification resistance, rot immunity, AC +4
a: no special abilities


You were on level 5 of the Dungeon.
You were starving.

You visited 1 branch of the dungeon, and saw 5 of its levels.

You collected 148 gold pieces.

Inventory:

Hand Weapons
 a - a +0 flail (weapon)
Armour
 b - a +0 scale mail (worn)
 c - a +0 shield (worn)
Jewellery
 r - a cursed ring of teleportation (left hand)
Wands
 q - a wand of iceblast (9/15)
Scrolls
 e - a scroll of amnesia {unknown}
 g - a scroll of identify {unknown}
 h - a scroll of fog {unknown}
 j - a scroll of blinking {unknown}
 k - 3 scrolls of teleportation {unknown}
 l - a scroll of remove curse {unknown}
 n - a scroll of noise {unknown}
Potions
 d - a potion of might
 o - a potion of curing {unknown}
 p - a potion of flight {unknown}
 s - 2 potions of ambrosia {unknown}
Comestibles
 f - 4 bread rations
 i - 4 fruits
 m - 2 beef jerkies


   Skills:
 + Level 3.8 Fighting
 + Level 3.2 Maces & Flails
 + Level 3.8 Armour
 + Level 1.4 Dodging
 + Level 4.0 Shields


You had 4 spell levels left.
You didn't know any spells.

Dungeon Overview and Level Annotations

Branches:
Dungeon (5/15)
 Temple: D:4-7

Altars:
Trog
Yredelemnul

Annotations:
D:3 Etesian's ghost, amateur DrTm
D:4 Musteatbrain's ghost, amateur MfIE


Innate Abilities, Weirdness & Mutations

You are resistant to torment.
Your stone body is resilient (AC +4).
You are immune to poison.
You resist negative energy.
You are resistant to electric shocks.
You can survive without breathing.
You are immune to petrification.
You are immune to rotting.


Message History

The giant newt bites you but does no damage.
You closely miss the orc wizard.
You are starving!
The orc wizard hits you but does no damage.
The giant newt closely misses you.
The orc wizard hits you but does no damage.
You sock the orc wizard!
The orc wizard is heavily wounded.
Something hits you but does no damage. The orc closely misses you.
The giant newt bites you but does no damage.
The orc wizard closely misses you. Something hits you.
* * * LOW HITPOINT WARNING * * *
You barely miss the orc wizard.
The orc wizard is heavily wounded.
The orc hits you but does no damage. The giant newt closely misses you.
The orc wizard hits you but does no damage.
You hear some strange, mumbled words.
A puff of frost appears from out of thin air!
The puff of frost hits you!
You die...

####...
...#...
...... .....
#...## ###
#...## ##.#
#...###..#
##.5ol{..#
##..##o@..#
###..####o..#
##..### ##..#
###..## ##.#
##..### #.#
###..## ##.
##..### ##
#..## .###


You could see an iron imp, an orc wizard, 2 orcs and a giant newt.

Vanquished Creatures
  A hound (D:5)
  An iguana (D:5)
  3 adders
  An ooze (D:1)
  4 dart slugs
  4 bats
  2 giant cockroaches (D:1)
  4 goblins
  3 hobgoblins
  2 jackals (D:1)
  2 ball pythons
  3 giant newts
  10 kobolds
  6 rats
46 creatures vanquished.

Notes
Turn   | Place    | Note
--------------------------------------------------------------
     0 | D:1      | Proton the Gargoyle Fighter began the quest for the Orb.
     0 | D:1      | Reached XP level 1. HP: 14/14 MP: 1/1
   306 | D:1      | Reached XP level 2. HP: 18/19 MP: 2/2
   715 | D:1      | Reached XP level 3. HP: 23/23 MP: 3/3
  1131 | D:2      | Reached skill level 1 in Dodging
  1306 | D:2      | Found a basalt altar of Yredelemnul.
  1406 | D:2      | Found a bloodstained altar of Trog.
  1476 | D:2      | Reached XP level 4. HP: 21/28 MP: 4/4
  1587 | D:3      | Noticed Etesian's ghost (amateur DrTm)
  1622 | D:4      | Noticed Musteatbrain's ghost (amateur MfIE)
  1624 | D:5      | Entered Level 5 of the Dungeon
  1676 | D:5      | Reached skill level 4 in Shields
  1701 | D:5      | Reached XP level 5. HP: 5/33 MP: 5/5
  1704 | D:5      | Killed from afar by an orc wizard

Vault maps used:
D:1:      dpeg_arrival_short_road, serial_bayou, serial_bayou_crossing,
          serial_bayou_pond_c, serial_bayou_pond_e, serial_bayou_shore_b,
          kennysheep_minor_cross
D:2:      yredelemnul_altar_generic, trog_hazing_becter
D:5:      first_bread, dk_vineyard_2, nicolae_tso_besieged_by_evil

Skill      XL: |  1  2  3  4 |
---------------+-------------+-----
Dodging        | 1 |  1.4
Maces & Flails | 3 |  3.2
Shields        | 4 |  4.0
Fighting       | |  3.8
Armour         | |  3.8

Action                   |  1- 3 |  4- 6 || total
-------------------------+-------+-------++-------
Melee: Flail             |   165 |    41 ||   206
  Eat: Chunk             |     1 |       ||     1
Armor: Scale mail        |    85 |    50 ||   135
Dodge: Dodged            |    69 |    23 ||    92
Block: Shield            |    90 |    36 ||   126
